 Dungeon Crawl Stone Soup version 0.30-a0-377-g5cb311bc9f (webtiles) character file.

Game seed: 5882896418810015082

448 Aqq the Firebug (level 6, -2/44 HPs)
             Began as a Demonspawn Fire Elementalist on Nov 30, 2022.
             Was a Follower of Uskayaw.
             Slain by Menkaure (15 damage)
             ... on level 4 of the Dungeon.
             The game lasted 00:19:38 (4920 turns).

Aqq the Firebug (Demonspawn Fire Elementalist)      Turns: 4920, Time: 00:19:39

Health: -2/44      AC:  5    Str:  8    XL:     6   Next: 73%
Magic:  7/9        EV: 12    Int: 18    God:    Uskayaw [*.....]
Gold:   177        SH:  0    Dex: 14    Spells: 6/9 levels left

rFire   + . .      SeeInvis .    k - staff of fire
rCold   . . .      Faith    .    (no shield)
rNeg    . . .      Spirit   .    a - +0 robe
rPois   .          Reflect  .    u - +0 helmet
rElec   .          Harm     .    (no cloak)
rCorr   .          Rampage  .    x - +1 pair of gloves
Will    .....                    (no boots)
Stlth   ++........               B - amulet of the acrobat
HPRegen 0.27/turn                (no ring)
MPRegen 0.11/turn                (no ring)

@: no status effects
A: claws 1, powered by death 2
a: Renounce Religion, Stomp


You were on level 4 of the Dungeon.
You worshipped Uskayaw.
Uskayaw was noncommittal.
You visited 1 branch of the dungeon, and saw 5 of its levels.

You collected 177 gold pieces.

Inventory:

Hand Weapons
 g - a +1 short sword
 r - the +6 dagger of the Beastly God {distort, rC+ Int+2}
   (You took it off a hobgoblin on level 2 of the Dungeon)

   It warps and distorts space around it, and may blink, banish, or inflict
   extra damage upon those it strikes.
   Unwielding it can cause banishment or high damage.
   Int:       It affects your intelligence (+2).
   rC:        It protects you from cold.
Missiles
 v - 3 atropa-tipped darts
 A - 8 boomerangs
Armour
 a - a +0 robe (worn)
 u - a +0 helmet (worn)
 x - a +1 pair of gloves (worn)
Magical Staves
 d - a staff of cold
 k - a staff of fire (weapon)
Jewellery
 B - an amulet of the acrobat (around neck)
Wands
 m - a wand of quicksilver (11)
Scrolls
 c - 2 scrolls of enchant armour {unknown}
 f - a scroll of blinking
 h - a scroll of immolation
 j - a scroll of noise {unknown}
 l - a scroll of amnesia {unknown}
 n - a scroll of enchant weapon
 q - 2 scrolls of poison
 s - a scroll of silence {unknown}
 t - 6 scrolls of teleportation
 w - 2 scrolls of identify {unknown}
 y - 2 scrolls of brand weapon {unknown}
 C - a scroll of vulnerability {unknown}
 E - a scroll of torment {unknown}
 G - a scroll of summoning {unknown}
Potions
 b - a potion of magic
 e - 3 potions of brilliance {unknown}
 i - a potion of curing {unknown}
 o - a potion of berserk rage {unknown}
 p - a potion of heal wounds {unknown}
 z - 2 potions of resistance {unknown}
 D - a potion of haste {unknown}
 F - 2 potions of mutation {unknown}


   Skills:
 * Level 1.9 Fighting
 + Level 2.3 Dodging
 - Level 1.7 Stealth
 - Level 2.0 Spellcasting
 * Level 3.3 Conjurations
 * Level 5.7 Fire Magic


You had 6 spell levels left.
You knew the following spells:

 Your Spells              Type           Power      Damage    Failure   Level
a - Foxfire               Conj/Fire      100%       2x1d9     2%          1
b - Scorch                Fire           66%        2d8       2%          2

Your spell library contained the following spells:

 Spells                   Type           Power      Damage    Failure   Level
 Inner Flame              Hex/Fire       18%        N/A       17%         3
 Slow                     Hex            4%         N/A       19%         1
 Kindle Blastsparks       Fire/Tloc/Air  24%        2d12      26%         3
 Flame Wave               Conj/Fire      27%        2d9       28%         4
 Confusing Touch          Hex            1%         N/A       47%         3
 Vampiric Draining        Necr           1%         2d6       47%         3
 Animate Dead             Necr           1%         N/A       87%         4
 Borgnjor's Vile Clutch   Necr/Erth      0%         N/A       99%         5
 Death Channel            Necr           0%         N/A       100%        6


Dungeon Overview and Level Annotations

Branches:
Dungeon (5/15)
 Temple: D:4-7

Altars:
Uskayaw

Annotations:
D:4 Menkaure


Innate Abilities, Weirdness & Mutations

You have sharp fingernails.
You regenerate health from kills.


Message History

The hound attacks as you move away! The hound bites you.
The hound completely misses you. The hound attacks as you move away!
The hound bites you. The hound misses you.
The hound is no longer more vulnerable to fire.
The hound attacks as you move away! The hound completely misses you. x2
Casting: Scorch (safe; 2% risk of failure)
Confirm with . or Enter, or press ? or * to list all spells.
You feel a surge of power!
Flames lash the hound.
You kill the hound!
There is a stone staircase leading up here.
You climb upwards.
There is a stone staircase leading down here.
You start resting.
Magic restored.
You start resting.
HP restored.
You climb downwards.
Level annotation: Menkaure
There is a stone staircase leading up here.
An ice beast comes into view.
The ice beast moves out of view.
Found 11 gold pieces.
Menkaure mumbles some strange words.
Menkaure seems to speed up.
Menkaure misses you.
There is a stone staircase leading up here.
Menkaure calls on the powers of darkness!
Your body is wracked with pain!
The ice beast convulses!
You climb upwards.
There is a stone staircase leading down here.
Casting: Scorch (safe; 2% risk of failure)
Confirm with . or Enter, or press ? or * to list all spells.
You feel a surge of power!
Flames lash Menkaure.
Menkaure is burned terribly!
Menkaure is severely damaged.
Menkaure's fire resistance burns away.
Menkaure calls on the powers of darkness!
Your body is wracked with pain!
* * * LOW HITPOINT WARNING * * *
Menkaure hits you!
You die...

##...#
#............##
##.... ##...##
#.............#
#.... ##...##
#.##..######..#
##... #..###
#.##..# #..#
##.. ##.#
#.###.# #.##
##. #.# #.# #.#
#.# #. ### #.#
#.# #.## #. #.#
#.# ##.# #.
#.###@# ### #.
##.#M## #.
##### #. #. ##


You could see Menkaure (fast, combustible).

Vanquished Creatures
  A black bear (D:4)
  A scorpion (D:4)
  3 hounds (D:5)
  An iguana (D:4)
  3 orc wizards
  3 adders
  2 dart slugs (D:2)
  14 orcs
  3 ball pythons
  4 endoplasms
  A giant cockroach (D:1)
  8 goblins
  6 hobgoblins
  7 jackals (D:3)
  4 quokkas
  2 bats
  3 frilled lizards
  3 kobolds
  3 rats
72 creatures vanquished.

Vanquished Creatures (others)
  180 foxfires
  A fungus (D:3)
181 creatures vanquished.

Grand Total: 253 creatures vanquished

Notes
Turn   | Place    | Note
-------+----------+-------------------------------------------
     0 | D:1      | Aqq the Demonspawn Fire Elementalist began the quest for
                  | the Orb.
     0 | D:1      | Reached XP level 1. HP: 13/13 MP: 3/3
   135 | D:1      | Reached skill level 3 in Fire Magic
   298 | D:1      | Gained mutation: You regenerate a little health from kills.
                  | [demonic ancestry]
   298 | D:1      | Reached XP level 2. HP: 18/19 MP: 3/5
   301 | D:1      | Learned a level 2 spell: Scorch
  1205 | D:2      | Identified the +6 dagger of the Beastly God {distort, rC+
                  | Int+2}
  1209 | D:2      | Reached XP level 3. HP: 24/24 MP: 4/6
  1827 | D:3      | Found a faded altar of an unknown god.
  2158 | D:3      | Reached skill level 4 in Fire Magic
  2158 | D:3      | Gained mutation: You regenerate health from kills. [demonic
                  | ancestry]
  2158 | D:3      | Reached XP level 4. HP: 31/31 MP: 4/7
  2660 | D:3      | Reached skill level 1 in Fighting
  3025 | D:3      | Gained mutation: You have sharp fingernails. [demonic
                  | ancestry]
  3025 | D:3      | Reached XP level 5. HP: 37/37 MP: 2/8
  3277 | D:5      | Entered Level 5 of the Dungeon
  3510 | D:4      | Reached skill level 5 in Fire Magic
  3582 | D:4      | Found a hide-covered altar of Uskayaw.
  3590 | D:4      | Became a worshipper of Uskayaw the Reveller
  3598 | D:4      | Noticed a black bear
  3638 | D:4      | Reached * piety under Uskayaw
  3639 | D:4      | Reached ** piety under Uskayaw
  3640 | D:4      | Killed a black bear
  3641 | D:4      | Reached XP level 6. HP: 43/43 MP: 2/9
  4678 | D:5      | Reached *** piety under Uskayaw
  4681 | D:5      | Reached **** piety under Uskayaw
  4825 | D:5      | Noticed Menkaure
  4912 | D:5      | Noticed an ice beast
  4920 | D:4      | Slain by Menkaure

Illustrated notes

Levels and vault maps discovered:
D:1:      nicolae_arrival_memento_mori, layout_rooms, nicolae_eternal_life
D:2:      layout_loops_ring
D:3:      layout_loops_cross, shapermc_ecumenical_altar_ellora
D:4:      layout_layer_cave, chequers_temple_overflow_statue_of_worship,
          nicolae_uskayaw_murder_on_the_dancefloor
D:5:      layout_rooms, nicolae_elevator_lobby_plus, uniq_sigmund,
          uniq_menkaure, uniq_grinder

Skill      XL: |  1  2  3  4  5  6 |
---------------+-------------------+-----
Fire Magic     | 3 4 5 |  5.7
Dodging        | 2 |  2.3
Fighting       | 1 |  1.9
Conjurations   | 2 3 |  3.3
Stealth        | |  1.7
Spellcasting   | |  2.0

Action                   |  1- 3 |  4- 6 || total
-------------------------+-------+-------++-------
Melee: Short sword       |     2 |       ||     2
       Club              |     1 |       ||     1
       Staff             |     4 |    11 ||    15
 Cast: Foxfire           |    40 |    66 ||   106
       Scorch            |     2 |    17 ||    19
  Use: Scroll            |     5 |       ||     5
 Stab: Paralysed         |       |     1 ||     1
Armor: Robe              |     4 |    13 ||    17
Dodge: Dodged            |     7 |    34 ||    41

Table legend: (Time is in decaauts)
 A = Elapsed time spent in this place.
 B = Non-inter-level travel time spent in this place.
 C = Inter-level travel time spent in this place.
 D = Time resting spent in this place.
 E = Time spent auto-exploring this place.
 F = Levels seen in this place.
 G = Mean time per level.
                   A        B        C        D        E       F      G
               +--------+--------+--------+--------+--------+-----+--------+
         Total |   4925 |   4716 |    209 |   1381 |   1904 |   5 |  985.0 |
       Dungeon |   4925 |   4716 |    209 |   1381 |   1904 |   5 |  985.0 |
               +--------+--------+--------+--------+--------+-----+--------+

Top non-repeatable levels by time:
     D:4: 1518 daAuts
     D:2: 1294 daAuts
     D:3: 1204 daAuts
     D:1: 710 daAuts
     D:5: 197 daAuts
